[Event "Team 45 45 League T38"]
[Site "Internet Chess Club"]
[Date "2008.07.27"]
[Round "1"]
[White "quotha"]
[Black "AlPearson"]
[Result "1-0"]
[WhiteElo "1632"]
[BlackElo "1445"]
[Opening "Pirc: classical (two knights) system"]
[ECO "A48"]
[Time "19:02:18"]
[TimeControl "2700+45"]

1. Nf3 Nf6 2. d4 g6 3. Nc3 Bg7 4. e4 d6 5. Bf4 O-O 6. h3 c5 7. e5 Nh5 8. Bh2
dxe5 9. dxe5 Qxd1+ 10. Rxd1 Bh8 11. Bc4 Nc6 12. g4 Ng7 13. O-O Be6 14. Bb5 Nb4
15. Ba4 Rfd8 16. a3 Nd5 17. Ne4 Nb6 18. Nxc5 Nxa4 19. Nxa4 Rdc8 20. Rd2 Rc6 21.
Rfd1 Ne8 22. Nc3 Rcc8 23. Nd4 Bc4 24. f4 e6 25. f5 Bg7 26. fxe6 Bh6 27. exf7+
Kxf7 28. Rf2+ Kg8 29. Bf4 Bf8 30. Kg2 b6 31. Kg3 Ba6 32. Ne4 Bb7 33. Nd6 Nxd6
34. exd6 Bg7 35. d7 Rd8 36. Ne6 Bxb2 37. Nxd8 Rxd8 38. Bc7 Rxd7 39. Rxd7 Bxa3
40. Bd6 Bxd6+ 41. Rxd6 b5 42. Rd7 Be4 43. Re2 Bc6 44. Re8# {Black checkmated}
1-0

[Event "Team 45 45 League T38"]
[Site "Internet Chess Club"]
[Date "2008.07.25"]
[Round "1"]
[White "crankn8tr"]
[Black "isolani"]
[Result "0-1"]
[WhiteElo "1643"]
[BlackElo "1419"]
[Opening "Pirc: Ufimtsev-Pytel variation"]
[ECO "B07"]
[Time "20:05:19"]
[TimeControl "2700+45"]

1. e4 d6 2. d4 Nf6 3. Nc3 c6 4. Nf3 Qc7 5. Be2 e5 6. dxe5 dxe5 7. O-O Be7 8. Bg5
Be6 9. Bd3 Nbd7 10. Qe2 O-O 11. Rad1 Nb6 12. b3 a6 13. h3 h6 14. Bh4 Nbd7 15.
Bg3 b5 16. Nb1 c5 17. c4 b4 18. Qb2 Nh5 19. Bxe5 Nxe5 20. Qxe5 Qxe5 21. Nxe5 a5
22. Be2 Nf4 23. Bg4 Bxg4 24. Nxg4 Rfd8 25. Ne3 Ne2+ 26. Kh1 Nd4 27. Nd5 Bd6 28.
Rfe1 Nc2 29. Re2 Nd4 30. Re3 a4 31. Nd2 axb3 32. axb3 Be5 33. Nf3 Nxf3 34. Rxf3
Kf8 35. Rfd3 Bd4 36. f4 Ra2 37. Nc7 Re2 38. e5 Rc8 39. Nb5 Ra8 40. Nxd4 cxd4 41.
R3d2 d3 42. Rxe2 dxe2 43. Re1 Ra2 44. Kg1 Rb2 45. Kf2 Rxb3 46. Rxe2 Rc3 47. c5
b3 48. c6 Rxc6 49. Ke3 Rc3+ 50. Kd4 Rc2 51. Re3 b2 52. Rb3 Rxg2 53. Kc3 Rg3+ 54.
Kxb2 Rxb3+ 55. Kxb3 Ke7 56. Kc4 Ke6 57. Kd4 Kf5 58. Ke3 g5 59. fxg5 hxg5 60. Kd4
Kf4 61. Kd5 Kg3 62. Ke4 Kxh3 63. Kf5 g4 64. Kf6 g3 65. Kxf7 g2 66. e6 g1=Q 67.
e7 Qf2+ 68. Ke6 Qe3+ 69. Kd7 Qd3+ 70. Ke6 Qa6+ 71. Kd7 Qb7+ 72. Ke6 Qc8+ 73. Kd6
Kg4 {White resigns} 0-1

[Event "Team 45 45 League T38"]
[Site "Internet Chess Club"]
[Date "2008.07.27"]
[Round "1"]
[White "Fogbound"]
[Black "lmadueno"]
[Result "1/2-1/2"]
[WhiteElo "1321"]
[BlackElo "1484"]
[Opening "Queen's Pawn"]
[ECO "A41"]
[Time "15:00:23"]
[TimeControl "2700+45"]

1. d4 d6 2. Nf3 g6 3. Bg5 Bg7 4. e3 a6 5. c3 Nf6 6. Bd3 Nc6 7. Nbd2 O-O 8. O-O
e5 9. Re1 Re8 10. e4 Bg4 11. h3 Bxf3 12. Nxf3 h6 13. Bh4 Qc8 14. Qd2 b5 15. Bxf6
Bxf6 16. Qxh6 Bg7 17. Qh4 Qd8 18. Ng5 Kf8 19. Nh7+ Kg8 20. Ng5 Kf8 21. Nh7+ Kg8
22. Ng5 Kf8 23. Nh7+ Kg8 {Game drawn by repetition} 1/2-1/2

[Event "Team 45 45 League T38"]
[Site "Internet Chess Club"]
[Date "2008.07.25"]
[Round "1"]
[White "PANAMA-REY"]
[Black "toadwarble"]
[Result "1-0"]
[WhiteElo "1533"]
[BlackElo "1163"]
[Opening "Sicilian"]
[ECO "B50"]
[Time "16:00:26"]
[TimeControl "2700+45"]

1. e4 c5 2. Nf3 d6 3. c4 a6 4. Nc3 Nf6 5. h3 g6 6. d4 cxd4 7. Nxd4 e5 8. Nf3 Nc6
9. a3 Be6 10. Bd3 Na5 11. b3 Qb6 12. Rb1 Nh5 13. Be3 Qd8 14. O-O Qf6 15. Bg5 Qg7
16. Nd5 Bxd5 17. cxd5 Nf4 18. b4 Nxd3 19. Qxd3 f6 20. Be3 {Black resigns} 1-0

[Event "Team 45 45 League T38"]
[Site "Internet Chess Club"]
[Date "2008.07.26"]
[Round "1"]
[White "Tjet"]
[Black "albacore"]
[Result "1-0"]
[WhiteElo "1601"]
[BlackElo "1351"]
[Opening "English opening"]
[ECO "A20"]
[Time "09:07:09"]
[TimeControl "2700+45"]

1. c4 e5 2. g3 Nf6 3. Bg2 Nc6 4. Nc3 Bc5 5. a3 a6 6. d3 d6 7. Nf3 h6 8. O-O O-O
9. b4 Ba7 10. Bb2 Nd4 11. e3 Nxf3+ 12. Bxf3 c6 13. Bg2 Bg4 14. Qd2 Qd7 15. d4
exd4 16. exd4 Rfe8 17. Rae1 Bh3 18. Ne2 Bxg2 19. Kxg2 d5 20. c5 Bb8 21. f3 Bc7
22. Nf4 Bxf4 23. Qxf4 Re6 24. Rxe6 Qxe6 25. Qe5 Re8 26. Qxe6 fxe6 27. Kf2 g5 28.
Re1 g4 29. fxg4 Nxg4+ 30. Kg2 Rf8 31. Re2 Rf6 32. h3 Rf2+ 33. Rxf2 Nxf2 34. Kxf2
Kg7 35. Kf3 h5 36. Kf4 Kf6 37. Bc1 Kg6 38. Ke5 Kf7 39. g4 hxg4 40. hxg4 Ke7 41.
Bg5+ Kf7 42. Bh4 {Black resigns} 1-0

[Event "Team 45 45 League T38"]
[Site "Internet Chess Club"]
[Date "2008.07.28"]
[Round "1"]
[White "forsyth"]
[Black "rgadoury"]
[Result "1-0"]
[WhiteElo "1404"]
[BlackElo "1306"]
[Opening "Ruy Lopez: closed, 9.d4"]
[ECO "C91"]
[Time "19:00:08"]
[TimeControl "2700+45"]

1. e4 e5 2. Nf3 Nc6 3. Bb5 Nf6 4. O-O Be7 5. c3 a6 6. Ba4 d6 7. Re1 O-O 8. d4 b5
9. Bb3 exd4 10. cxd4 Bg4 11. Nc3 Bxf3 12. gxf3 Na5 13. Bc2 c6 14. f4 g6 15. Qf3
d5 16. e5 Ne4 17. Nxe4 dxe4 18. Qxe4 f5 19. Qd3 Kg7 20. Re3 h5 21. b3 Kh7 22.
Bb2 Qc7 23. Rd1 Rfd8 24. Rh3 Kh6 25. Qf1 Rd5 26. Qg2 Qd7 27. Rg3 Rg8 28. Kh1 Qe6
29. Rg1 Bh4 30. Rh3 g5 31. Rxh4 gxh4 32. Qxg8 Qxg8 33. Rxg8 Nb7 34. Bxf5 Rd8 35.
Rg6+ Kh7 36. Rxc6+ Kg7 {Black resigns} 1-0

[Event "Team 45 45 League T38"]
[Site "Internet Chess Club"]
[Date "2008.07.25"]
[Round "1"]
[White "JustinZ"]
[Black "reverendjim"]
[Result "1/2-1/2"]
[WhiteElo "1212"]
[BlackElo "1154"]
[Opening "Caro-Kann: Panov-Botvinnik attack"]
[ECO "B13"]
[Time "19:07:21"]
[TimeControl "2700+45"]

1. e4 c6 2. d4 d5 3. exd5 cxd5 4. c4 Nf6 5. Nf3 Bg4 6. cxd5 Nxd5 7. Be2 e6 8.
O-O Nc6 9. Qb3 Qc7 10. Nc3 Rd8 11. Bd2 Be7 12. Rac1 O-O 13. Nxd5 exd5 14. Rfe1
Bxf3 15. Bxf3 Qd7 16. Bf4 Nxd4 17. Qd3 Nxf3+ 18. Qxf3 Bd6 19. Be5 Bxe5 20. Rxe5
Rfe8 21. Qg3 Rxe5 22. Qxe5 Re8 23. Qf4 Qe6 {Game drawn by mutual agreement}
1/2-1/2

[Event "Team 45 45 League T38"]
[Site "Internet Chess Club"]
[Date "2008.07.29"]
[Round "1"]
[White "jazzyrick"]
[Black "EyeAm"]
[Result "0-1"]
[WhiteElo "1502"]
[BlackElo "1440"]
[Opening "Petrov: Nimzovich attack"]
[ECO "C42"]
[Time "13:05:12"]
[TimeControl "2700+45"]

1. e4 e5 2. Nf3 Nf6 3. Nxe5 d6 4. Nf3 Nxe4 5. Nc3 Nxc3 6. dxc3 Be7 7. Bc4 Nd7 8.
O-O O-O 9. Bf4 Nb6 10. Bb3 c5 11. a4 c4 12. a5 cxb3 13. axb6 bxc2 14. Qxc2 Qxb6
15. Be3 Qb5 16. Rxa7 Bf5 17. Qd2 Rxa7 18. Bxa7 Qa4 19. Bd4 Ra8 20. Re1 Re8 21.
h3 Qc2 22. Qf4 Be6 23. b4 Qf5 24. Qg3 Qg6 25. Qxg6 hxg6 26. Nd2 b5 27. Ra1 Bg5
28. Nf3 Bh6 29. Ra5 Bc4 30. g4 Bf4 31. Ra1 g5 32. Nh2 f6 33. Nf1 d5 34. Ne3 Bxe3
35. fxe3 Kh7 36. Ra7 Kg6 37. Kf2 Re4 38. Kf3 Re6 39. Kg3 Re4 40. Rc7 Re6 41. Kf3
Re4 42. Kg3 Re6 43. Rc5 Re4 44. Rc8 Re6 45. Ra8 Re4 46. Ra1 Re6 47. Rd1 Re4 48.
Rd2 Re6 49. Rf2 Re4 50. Rf5 Re6 51. h4 gxh4+ 52. Kxh4 Kf7 53. g5 Ke7 54. gxf6+
gxf6 55. Bxf6+ Rxf6 56. Rxf6 Kxf6 57. Kg4 Ke5 58. Kf3 Bd3 {White resigns} 0-1

[Event "Team 45 45 League T38"]
[Site "Internet Chess Club"]
[Date "2008.07.28"]
[Round "1"]
[White "wekabird"]
[Black "Conjurer"]
[Result "0-1"]
[WhiteElo "1268"]
[BlackElo "1317"]
[Opening "English: Caro-Kann defensive system"]
[ECO "A11"]
[Time "22:23:36"]
[TimeControl "2700+45"]

1. c4 c6 2. g3 d5 3. cxd5 cxd5 4. d4 Nf6 5. Bg2 Bf5 6. Nc3 e6 7. a3 Nc6 8. e3
Be7 9. Bh3 O-O 10. Bxf5 exf5 11. Nge2 Ne4 12. O-O Qd6 13. Nf4 g5 14. Nfxd5 Rad8
15. Nxe7+ Nxe7 16. Nxe4 fxe4 17. Bd2 Nc6 18. Bb4 Nxb4 19. axb4 Qxb4 20. Rb1 Rd5
21. Qg4 Qe7 22. Rfc1 f5 23. Qe2 Qd7 24. Rc5 Rc8 25. Rbc1 Rcxc5 26. Rxc5 Rxc5 27.
b4 Rc1+ 28. Kg2 g4 29. Qb2 Rc4 30. Qb3 b5 31. h3 gxh3+ 32. Kxh3 f4+ 33. g4 h5
34. Kg2 Qxg4+ 35. Kf1 fxe3 36. Qxe3 Rxb4 37. Qg3 Qxg3 38. fxg3 Rxd4 39. Kf2 b4
40. Ke3 Rd8 41. Kxe4 b3 {White resigns} 0-1

[Event "Team 45 45 League T38"]
[Site "Internet Chess Club"]
[Date "2008.07.28"]
[Round "1"]
[White "Just-Jim"]
[Black "guyd52"]
[Result "1-0"]
[WhiteElo "1398"]
[BlackElo "1275"]
[Opening "Pirc: Holmov system"]
[ECO "B07"]
[Time "15:30:24"]
[TimeControl "2700+45"]

1. e4 d6 2. d4 Nf6 3. Nc3 g6 4. Bc4 Bg7 5. h3 O-O 6. Nf3 Nbd7 7. O-O b6 8. Bf4
Nh5 9. Bh2 e5 10. dxe5 Nxe5 11. Nxe5 dxe5 12. Qxd8 Rxd8 13. Nd5 Be6 14. Bb3 Bxd5
15. Bxd5 Rac8 16. c3 Nf6 17. Bxe5 Nxd5 18. Bxg7 Kxg7 19. exd5 Rxd5 20. Rfd1 Rcd8
21. Rxd5 Rxd5 22. f3 a5 23. Kh2 Rd2 24. Rb1 a4 25. a3 Rc2 26. h4 h5 27. Kh3 Kf6
28. g4 Rd2 29. Kg3 hxg4 30. fxg4 Rd3+ 31. Kf4 Rd2 32. g5+ Kg7 33. Kg4 Rg2+ 34.
Kf3 Rd2 35. Kg4 f6 36. gxf6+ Kxf6 37. h5 gxh5+ 38. Kxh5 Kf5 39. Rf1+ Ke4 40. Rf7
c5 41. Ra7 b5 42. Re7+ Kd5 43. Rd7+ Kc4 44. Rxd2 Kb3 45. Kg5 b4 46. cxb4 cxb4
47. axb4 Kxb4 48. Kf5 a3 49. bxa3+ Kxa3 50. Rc2 Kb3 51. Rc8 Kb4 52. Ke5 Kb5 53.
Kd5 Kb6 54. Kd6 Kb5 55. Rc2 Kb6 56. Rb2+ Ka5 57. Kc5 Ka4 58. Kc4 Ka5 59. Kc5 Ka4
60. Kc4 Ka5 61. Rb5+ Ka4 62. Kc5 Ka3 63. Rb4 Ka2 64. Kc4 Ka3 65. Kc3 Ka2 66. Rb3
Ka1 67. Kc2 Ka2 68. Rc3 Ka1 69. Ra3# {Black checkmated} 1-0

[Event "Team 45 45 League T38"]
[Site "Internet Chess Club"]
[Date "2008.07.25"]
[Round "1"]
[White "WilmaP"]
[Black "Traho"]
[Result "1-0"]
[WhiteElo "1164"]
[BlackElo "1212"]
[Opening "Caro-Kann: advance variation"]
[ECO "B12"]
[Time "16:00:17"]
[TimeControl "2700+45"]

1. e4 c6 2. d4 d5 3. e5 Bf5 4. Nc3 e6 5. h3 h6 6. Nf3 Nd7 7. Be2 f6 8. Bf4 c5 9.
Nh4 Bh7 10. Be3 Qe7 11. Nb5 Nb6 12. Nd6+ Kd8 13. dxc5 Nc8 14. Nf3 Nxd6 15. cxd6
Qd7 16. Bd4 f5 17. b3 g5 18. a4 f4 19. Bb5 Qf7 20. Qd2 Qg6 21. O-O-O Rc8 22. Bd3
Qf7 23. Bxa7 Bxd3 24. Qxd3 Qf5 25. Bb6+ Ke8 26. Qb5+ Rc6 27. Nd4 Qxe5 28. Nxc6
Qa1+ 29. Kd2 {Black resigns} 1-0

[Event "Team 45 45 League T38"]
[Site "Internet Chess Club"]
[Date "2008.07.28"]
[Round "1"]
[White "viking99"]
[Black "fledermaus"]
[Result "1/2-1/2"]
[WhiteElo "1785"]
[BlackElo "2058"]
[Opening "Sicilian defense"]
[ECO "B40"]
[Time "20:02:32"]
[TimeControl "2700+45"]

1. e4 c5 2. Nf3 e6 3. c3 d5 4. exd5 Qxd5 5. d4 Nc6 6. Nbd2 cxd4 7. Bc4 Qd8 8.
cxd4 Nf6 9. O-O Be7 10. Nb3 O-O 11. Ne5 Nb4 12. Bg5 a6 13. Qf3 Nfd5 14. Bxe7
Nxe7 15. a3 Nbd5 16. Rac1 b5 17. Bd3 Ra7 18. Qh3 Nf6 19. Ng4 Ng6 20. Ne5 Nf4 21.
Qe3 N6d5 22. Qg3 Nxd3 23. Qxd3 Bb7 24. Nc6 Bxc6 25. Rxc6 Ne7 26. Rc5 Qd6 27.
Rfc1 Rd8 28. Qe4 h6 29. Qc2 Rad7 30. Rc7 Qd5 31. Rxd7 Rxd7 32. Nc5 Rc7 33. b4
Nf5 34. Rd1 Rc6 35. Qd3 Rd6 36. Ne4 Rd8 37. Nc5 Nxd4 38. Kf1 Rd6 39. Nxa6 Rxa6
40. Qxd4 Qxd4 41. Rxd4 Rxa3 42. Rd8+ Kh7 43. Rb8 {Game drawn by mutual
agreement} 1/2-1/2

[Event "Team 45 45 League T38"]
[Site "Internet Chess Club"]
[Date "2008.07.26"]
[Round "1"]
[White "mfeatherston"]
[Black "mickeys"]
[Result "1-0"]
[WhiteElo "1814"]
[BlackElo "1828"]
[Opening "French: Winawer, advance, Bogolyubov variation"]
[ECO "C17"]
[Time "17:00:13"]
[TimeControl "2700+45"]

1. e4 e6 2. d4 d5 3. Nc3 Bb4 4. e5 c5 5. Bd2 cxd4 6. Nb5 Bc5 7. Qg4 Kf8 8. Nf3
f5 9. Qf4 Nc6 10. Nbxd4 Nge7 11. Nxc6 Nxc6 12. Bd3 Qb6 13. O-O Nb4 14. a3 Nxd3
15. cxd3 Bd7 16. b4 Be7 17. Rfc1 Bb5 18. Rc3 h6 19. h4 Kf7 20. h5 Rhc8 21. Rac1
Rxc3 22. Rxc3 Qd8 23. Qg3 Bd7 24. Qg6+ Kg8 25. Bxh6 Qf8 26. Bg5 Qf7 27. Bxe7
Qxe7 28. Ng5 Kf8 29. Nh7+ Kg8 30. Ng5 Qe8 31. Qh7+ Kf8 32. Rc7 Rc8 33. Qh8+ Ke7
34. Qxg7+ Kd8 35. Rxc8+ Kxc8 36. h6 Qh5 37. Nf3 {Black resigns} 1-0

[Event "Team 45 45 League T38"]
[Site "Internet Chess Club"]
[Date "2008.07.29"]
[Round "1"]
[White "b-spot"]
[Black "cgrau"]
[Result "1/2-1/2"]
[WhiteElo "1719"]
[BlackElo "1773"]
[Opening "Dutch: Leningrad, main variation"]
[ECO "A87"]
[Time "20:00:36"]
[TimeControl "2700+45"]

1. d4 f5 2. g3 Nf6 3. Bg2 g6 4. c4 Bg7 5. Nf3 d6 6. Nc3 O-O 7. O-O Qe8 8. Re1
Qf7 9. b3 Ne4 10. Bb2 Nd7 11. Rc1 Ndf6 12. e3 Nxc3 13. Rxc3 Ne4 14. Rc2 c6 15.
Nd2 Nxd2 16. Rxd2 Bd7 17. d5 Rac8 18. f4 Bxb2 19. Rxb2 Qf6 20. Rd2 Rf7 21. dxc6
Bxc6 22. Bxc6 {Game drawn by mutual agreement} 1/2-1/2

[Event "Team 45 45 League T38"]
[Site "Internet Chess Club"]
[Date "2008.07.30"]
[Round "1"]
[White "bmw2002"]
[Black "cityprosecutor"]
[Result "0-1"]
[WhiteElo "1605"]
[BlackElo "1845"]
[Opening "English, 1...Nf6 (Anglo-Indian defense)"]
[ECO "A15"]
[Time "21:11:29"]
[TimeControl "2700+45"]

1. c4 Nf6 2. g3 g6 3. Bg2 Bg7 4. Nc3 c5 5. d3 Nc6 6. e4 d6 7. Nge2 Bd7 8. O-O
Qc8 9. Nf4 O-O 10. Nfd5 Bg4 11. f3 Bd7 12. Bg5 Re8 13. Qd2 Be6 14. Rac1 Nd4 15.
Ne2 Nxd5 16. cxd5 Bd7 17. Be3 Nxe2+ 18. Qxe2 Qd8 19. Qd2 Qb6 20. Rc2 Qa6 21. b3
Rac8 22. Rfc1 b6 23. Bf1 Qb7 24. d4 Rc7 25. dxc5 dxc5 26. Kh1 e5 27. b4 Ba4 28.
Rc4 Bb5 29. R4c2 Bxf1 30. Rxf1 cxb4 31. Rxc7 Qxc7 32. Qxb4 Bf8 33. Qb2 Qb7 34.
Qb5 Rc8 35. Rc1 Rxc1+ 36. Bxc1 Qc8 37. Qd3 Qxc1+ 38. Kg2 Qb2+ 39. Kh3 Qd4 40.
Qa6 Qd1 41. Qxa7 Qf1+ 42. Kg4 h5+ 43. Kg5 Qxf3 44. Qb8 Qxe4 45. d6 Qg4+ 46. Kf6
Qf5# {White checkmated} 0-1

[Event "Team 45 45 League T38"]
[Site "Internet Chess Club"]
[Date "2008.07.26"]
[Round "1"]
[White "Klampin"]
[Black "Mikey29a"]
[Result "1-0"]
[WhiteElo "1987"]
[BlackElo "1737"]
[Opening "King's Indian: Torre attack"]
[ECO "A48"]
[Time "13:08:38"]
[TimeControl "2700+45"]

1. d4 Nf6 2. Nf3 g6 3. Bg5 Bg7 4. Nbd2 d6 5. e4 h6 6. Bf4 Nh5 7. Be3 e5 8. c3
O-O 9. Bd3 Nc6 10. O-O f5 11. exf5 gxf5 12. Nxe5 Nxe5 13. dxe5 f4 14. Qxh5 fxe3
15. fxe3 Qg5 16. Qxg5 hxg5 17. exd6 cxd6 18. Ne4 Bf5 19. Bc4+ Kh7 20. Nxd6
{Black resigns} 1-0

[Event "Team 45 45 League T38"]
[Site "Internet Chess Club"]
[Date "2008.07.26"]
[Round "1"]
[White "AntonioMendonca"]
[Black "superbeast"]
[Result "0-1"]
[WhiteElo "1685"]
[BlackElo "1800"]
[Opening "English opening"]
[ECO "A16"]
[Time "16:41:17"]
[TimeControl "2700+45"]

1. c4 Nf6 2. Nc3 b6 3. g3 Bb7 4. Nf3 e6 5. Bg2 Bb4 6. a3 Bxc3 7. bxc3 O-O 8. O-O
d6 9. d4 Nbd7 10. Qd3 e5 11. Ng5 Bxg2 12. Kxg2 Re8 13. f4 e4 14. Qc2 h6 15. Nh3
c5 16. Nf2 cxd4 17. cxd4 Rc8 18. Qb3 Qc7 19. c5 bxc5 20. dxc5 Nxc5 21. Qc2 e3
22. Nd1 Qb7+ 23. Kg1 Nb3 24. Qb2 Ng4 25. h3 Nf2 26. Nxf2 exf2+ 27. Rxf2 Qb6 28.
Kf1 Nxa1 29. Qxa1 Qc6 30. Kg1 Qxc1+ 31. Qxc1 Rxc1+ 32. Kg2 Rc2 33. Kf3 Ra2
{White resigns} 0-1

[Event "Team 45 45 League T38"]
[Site "Internet Chess Club"]
[Date "2008.07.26"]
[Round "1"]
[White "vaknight"]
[Black "allanchs"]
[Result "1-0"]
[WhiteElo "1566"]
[BlackElo "1525"]
[Opening "Bird's opening: Lasker variation"]
[ECO "A03"]
[Time "10:00:23"]
[TimeControl "2700+45"]

1. f4 d5 2. Nf3 c5 3. e3 Nf6 4. b3 e6 5. Bb2 Be7 6. Bd3 Nc6 7. a3 a6 8. O-O b5
9. c3 Bb7 10. Bc2 O-O 11. Qe2 Qc7 12. c4 bxc4 13. bxc4 Rfd8 14. Ne5 d4 15. Nd3
Na5 16. Ne5 Nc6 17. Nf3 Qb6 18. Ra2 Rd7 19. e4 Rad8 20. d3 Nb8 21. Bc1 Nxe4 22.
Kh1 Nf6 23. Ne5 Rc7 24. Nd2 Nc6 25. Ndf3 Bd6 26. Bd2 Rcc8 27. Qe1 Qc7 28. Qg3
Ne7 29. h3 Ng6 30. Qe1 Bxf3 31. Rxf3 Nxe5 32. fxe5 Bxe5 33. Ba5 Qb8 34. Bxd8
Rxd8 35. Ba4 Bd6 36. Qc1 e5 37. Rb2 Qa8 38. Rb6 e4 39. Bc6 Qc8 40. dxe4 Nxe4 41.
Bxe4 {Black resigns} 1-0

[Event "Team 45 45 League T38"]
[Site "Internet Chess Club"]
[Date "2008.07.29"]
[Round "1"]
[White "Rhel"]
[Black "NXS"]
[Result "1/2-1/2"]
[WhiteElo "1519"]
[BlackElo "1411"]
[Opening "QGD Slav: 3.Nf3"]
[ECO "D11"]
[Time "14:49:46"]
[TimeControl "2700+45"]

1. d4 d5 2. c4 c6 3. Nf3 Bg4 4. e3 Nf6 5. cxd5 cxd5 6. Be2 e6 7. Nc3 Bb4 8. Bd2
O-O 9. O-O Nc6 10. a3 Be7 11. Rc1 Rc8 12. b4 a6 13. Re1 h6 14. Bd3 Bd6 15. h3
Bh5 16. b5 axb5 17. Nxb5 Be7 18. Be2 Bg6 19. Ne5 Nxe5 20. Rxc8 Qxc8 21. dxe5 Ne4
22. Bb4 Nc5 23. Nd6 Qc7 24. Qc1 b6 25. a4 Bxd6 26. exd6 Qxd6 27. a5 Rc8 28. axb6
Qxb6 {Game drawn by mutual agreement} 1/2-1/2

[Event "Team 45 45 League T38"]
[Site "Internet Chess Club"]
[Date "2008.07.27"]
[Round "1"]
[White "Elddir"]
[Black "nissehult"]
[Result "1/2-1/2"]
[WhiteElo "2096"]
[BlackElo "2048"]
[Opening "Benkö gambit"]
[ECO "A57"]
[Time "15:00:10"]
[TimeControl "2700+45"]

1. d4 Nf6 2. c4 c5 3. d5 b5 4. Nf3 g6 5. Qc2 Bg7 6. e4 d6 7. cxb5 O-O 8. Bc4 a6
9. a4 axb5 10. Bxb5 Ba6 11. Bxa6 Nxa6 12. O-O Nb4 13. Qe2 Nd7 14. Nc3 Ra5 15.
Nd2 Nc2 16. Ra2 Nb4 17. Ra3 Nc2 18. Ra2 Nb4 {Game drawn by mutual agreement}
1/2-1/2

[Event "Team 45 45 League T38"]
[Site "Internet Chess Club"]
[Date "2008.07.26"]
[Round "1"]
[White "primerpaso"]
[Black "rookending34"]
[Result "1-0"]
[WhiteElo "1866"]
[BlackElo "1984"]
[Opening "English opening"]
[ECO "A16"]
[Time "10:22:34"]
[TimeControl "2700+45"]

1. c4 Nf6 2. Nc3 g6 3. g3 Bg7 4. Bg2 O-O 5. e4 d6 6. Nge2 Nc6 7. d4 e5 8. d5 Ne7
9. O-O Nd7 10. Be3 f5 11. h3 Nf6 12. Kh2 Nh5 13. f4 Kh8 14. Rc1 exf4 15. Nxf4
Nxf4 16. Bxf4 fxe4 17. Bxe4 Bf5 18. Qd2 Qd7 19. g4 g5 20. Bxf5 Nxf5 21. Bxg5 Nd4
22. Kg2 Rae8 23. Rxf8+ Rxf8 24. Rf1 Rxf1 25. Kxf1 Qf7+ 26. Qf4 Qg6 27. Ne4 Kg8
28. Bf6 a6 29. Bxg7 Kxg7 30. Qg5 Nf3 31. Qe7+ Qf7 32. Qxf7+ Kxf7 33. Kf2 Ne5 34.
b3 Nd3+ 35. Ke3 Nc1 36. Nc3 {Black resigns} 1-0

[Event "Team 45 45 League T38"]
[Site "Internet Chess Club"]
[Date "2008.07.27"]
[Round "1"]
[White "AntonioMendonca"]
[Black "Avedldesierto"]
[Result "0-1"]
[WhiteElo "1674"]
[BlackElo "1800"]
[Opening "English: symmetrical variation"]
[ECO "A37"]
[Time "18:08:17"]
[TimeControl "2700+45"]

1. c4 c5 2. Nc3 Nc6 3. g3 g6 4. Nf3 Bg7 5. Bg2 e6 6. O-O Nge7 7. d3 d5 8. cxd5
exd5 9. Qb3 O-O 10. Re1 b6 11. Bg5 Be6 12. Qc2 f6 13. Bf4 g5 14. Bc1 g4 15. Nd2
Nd4 16. Qd1 Rc8 17. Nb3 Nxb3 18. Qxb3 Qd7 19. Qb5 Rcd8 20. Qxd7 Rxd7 21. Rb1 d4
22. Ne4 a5 23. b3 Re8 24. Nd2 Bd5 25. f3 Nc6 26. Nc4 gxf3 27. Bh1 Rxe2 28. Rxe2
fxe2 29. Bxd5+ Rxd5 30. Bf4 b5 31. Nb6 Rd8 32. a3 Ne5 33. Bxe5 fxe5 34. Kf2 e4
35. Kxe2 exd3+ 36. Kxd3 Rd6 37. Nc8 c4+ 38. Kd2 c3+ 39. Kd3 Re6 40. Rd1 Re3+ 41.
Kc2 Re2+ 42. Kd3 Rxh2 43. Ne7+ Kf7 44. Nf5 Bf6 45. Nd6+ Ke6 46. Nxb5 Rg2 47.
Nxd4+ Bxd4 48. Kxd4 Rd2+ 49. Kxc3 Rxd1 50. b4 axb4+ 51. axb4 Rg1 52. b5 Rxg3+
53. Kc4 Kd6 54. b6 Kc6 {White resigns} 0-1

[Event "Team 45 45 League T38"]
[Site "Internet Chess Club"]
[Date "2008.07.24"]
[Round "1"]
[White "frothyjowels"]
[Black "cesaralexander"]
[Result "1/2-1/2"]
[WhiteElo "2239"]
[BlackElo "1962"]
[Opening "French: King's Indian attack"]
[ECO "C00"]
[Time "21:48:36"]
[TimeControl "2700+45"]

1. e4 e6 2. d3 d5 3. Nd2 c5 4. Ngf3 Nc6 5. g3 Nf6 6. Bg2 dxe4 7. dxe4 e5 8. O-O
Be7 9. c3 Qc7 10. Nc4 Be6 11. Qe2 Rd8 12. Nh4 O-O 13. Nf5 Rfe8 14. Bg5 h6 15.
Bxf6 Bxf6 16. a4 Ne7 17. Nce3 Rd7 18. h4 Nxf5 19. exf5 Bb3 20. a5 Red8 21. Qb5
c4 22. Nd5 Qb8 23. a6 bxa6 24. Qxb8 Rxb8 25. Rxa6 Bd8 26. f6 Bc2 27. Rfa1 Rxb2
28. Rxa7 Rxa7 29. Rxa7 Bxf6 30. Nxf6+ gxf6 31. Bd5 Bg6 32. Bxc4 Rc2 33. Rc7 Rc1+
34. Kh2 Be4 35. Bxf7+ Kh8 36. g4 Rh1+ 37. Kg3 Rg1+ 38. Kh2 Rg2+ 39. Kh3 Rxf2 40.
c4 Rf3+ 41. Kh2 Rf2+ 42. Kh3 Rf3+ 43. Kh2 Rf2+ 44. Kg3 Rf3+ 45. Kh2 Rf2+ {Game
drawn by repetition} 1/2-1/2

[Event "Team 45 45 League T38"]
[Site "Internet Chess Club"]
[Date "2008.07.26"]
[Round "1"]
[White "cityprosecutor"]
[Black "Intelectual"]
[Result "0-1"]
[WhiteElo "1794"]
[BlackElo "1924"]
[Opening "French: King's Indian attack"]
[ECO "C00"]
[Time "07:08:55"]
[TimeControl "2700+45"]

1. e4 e6 2. d3 d5 3. Nd2 dxe4 4. Nxe4 Nd7 5. g3 Ngf6 6. Bg2 Be7 7. Ne2 O-O 8.
O-O c6 9. f4 Qb6+ 10. d4 Nxe4 11. Bxe4 Nf6 12. Bf3 Rd8 13. Qe1 c5 14. dxc5 Bxc5+
15. Kh1 Bd7 16. Nc3 Bc6 17. Qe2 Rd7 18. a3 a5 19. Ne4 Nxe4 20. Bxe4 Rad8 21. Bg2
a4 22. f5 Bxg2+ 23. Qxg2 Rd1 24. Bg5 Rxa1 25. Rxa1 f6 26. Bf4 e5 27. Bxe5 fxe5
28. Rf1 Be7 29. g4 h6 30. h4 Bxh4 {White resigns} 0-1

[Event "Team 45 45 League T38"]
[Site "Internet Chess Club"]
[Date "2008.07.28"]
[Round "1"]
[White "frank001"]
[Black "political"]
[Result "0-1"]
[WhiteElo "1708"]
[BlackElo "1780"]
[Opening "KGD: classical variation"]
[ECO "C30"]
[Time "21:00:23"]
[TimeControl "2700+45"]

1. e4 e5 2. f4 Bc5 3. Nf3 d6 4. Nc3 Nf6 5. Bc4 Nc6 6. d3 a6 7. h3 O-O 8. f5 b5
9. Bb3 Nd4 10. g4 Nxb3 11. axb3 Bb7 12. g5 Nd7 13. Qe2 Re8 14. Be3 Bxe3 15. Qxe3
c6 16. O-O-O a5 17. Rhg1 a4 18. bxa4 b4 19. Ne2 Rxa4 20. b3 Ra2 21. Ng3 Qa5 22.
Nh5 Rxc2+ 23. Kxc2 Qa2+ 24. Kc1 Nc5 25. Nd2 Qa1+ 26. Kc2 Qc3+ 27. Kb1 Ra8 {White
resigns} 0-1

[Event "Team 45 45 League T38"]
[Site "Internet Chess Club"]
[Date "2008.07.27"]
[Round "1"]
[White "frankd"]
[Black "thepawneater"]
[Result "0-1"]
[WhiteElo "1729"]
[BlackElo "1790"]
[Opening "Giuoco Piano: Anderssen variation"]
[ECO "C50"]
[Time "19:01:16"]
[TimeControl "2700+45"]

1. e4 e5 2. Nf3 Nc6 3. Bc4 Bc5 4. d4 exd4 5. c3 Nf6 6. e5 d5 7. Bb5 Ne4 8. cxd4
Bb4+ 9. Bd2 Nxd2 10. Nbxd2 Bd7 11. Qe2 O-O 12. O-O a6 13. Bd3 Bg4 14. h3 Bh5 15.
g4 Bg6 16. Bxg6 hxg6 17. Rad1 Re8 18. Nb3 a5 19. a3 Be7 20. Rc1 Bg5 21. Nxg5
Qxg5 22. f4 Qe7 23. Qf2 f5 24. g5 Nd8 25. Rc5 a4 26. Nd2 c6 27. Rc3 Ne6 28. Kg2
Kf7 29. h4 Qc7 30. Rb1 Qb6 31. Rd3 Rh8 32. b3 Qa6 33. Rh3 Qa7 34. bxa4 Nxd4 35.
Rxb7+ Qxb7 36. Qxd4 Qa7 37. Qxa7+ Rxa7 38. Rc3 Rc7 39. Kg3 Ra8 40. a5 Rxa5 41.
Nf3 c5 42. Nd4 Rca7 43. e6+ Ke8 44. Nf3 d4 45. Rb3 Rxa3 46. Rb8+ Ke7 47. Kf2 Re3
48. Ne5 Ra2+ 49. Kf1 Rc3 50. Rb1 Rac2 51. Nxg6+ Kxe6 52. Re1+ Re3 53. h5 Rxe1+
54. Kxe1 Rh2 55. h6 gxh6 56. gxh6 Rxh6 57. Ne5 Rh3 58. Kf2 Re3 59. Nc4 Re4 60.
Kf3 Kd5 61. Nd2 c4 62. Nxe4 fxe4+ 63. Ke2 Ke6 64. Kd2 Kf5 {White resigns} 0-1